cohdb
Replays
Latest Replays
All Replays
Popular Replays
Top Player Replays
Match Explorer
How It Works
Community
CoH3 Stats
Reddit
Sign in to upload your games and track your stats! →
Sign in with Steam
Match 47030700
Unlisted
Match 47030700
Overview
Messages
Build Orders
End
Construct Infanterie Kompanie
Kettenkrad Recon Vehicle
MG 42 Machine Gun Team
Grenadier Squad
GrW 34 Mortar Team
Construct Luftwaffe Kompanie
Grenadier Squad
221 Scout Car
Flak 30 Anti-aircraft Gun Team
Jäger Squad
Pioneer Squad
Medical Station
Construct Panzer Kompanie
Selects Mechanized Battlegroup
Selects Raid Package
Selects 8 Rad Armored Car
Selects Raid Package
Selects StuG Assault Group
Selects Raid Package
Selects Raid Package
Selects 8 Rad Armored Car
Selects UNKNOWN (2160084)
Panther Heavy Tank
Selects Spotting Scopes
Jäger Squad
Selects Wespe Self-propelled Artillery
Major Laser
dim-vishnya
NooJ
Sunset1982
0
0
Comments
sign in to comment!
No comments posted yet!